 Dungeon Crawl Stone Soup version 0.20.1-1-g8b1a95d (webtiles) character file.

4018 Schiappus the Cleaver (level 9, 0/74 HPs)
             Began as a Demigod Fighter on Nov 30, 2017.
             Slain by a seven-headed hydra (10 damage)
             ... on level 8 of the Dungeon.
             The game lasted 00:31:22 (7255 turns).

Schiappus the Cleaver (Demigod Fighter)             Turns: 7255, Time: 00:31:23

Health: 0/74       AC: 17    Str: 21    XL:     9   Next: 74%
Magic:  12/13      EV:  5    Int: 12    God:
Gold:   64         SH: 11    Dex: 19    Spells: 8/9 levels left

rFire    . . .     SeeInvis .   D - +0 broad axe
rCold    . . .     Gourm    .   c - +0 shield
rNeg     . . .     Faith    .   i - +1 plate armour
rPois    .         Spirit   .   (no helmet)
rElec    .         Reflect  .   B - +1 cloak
rCorr    .         Harm     .   (no gloves)
MR       .....                  o - +0 pair of boots
Stlth    ..........             (no amulet)
Regen    0.3/turn               (no ring)
MPRegen  0.2/turn               (no ring)

@: very slightly contaminated
A: high mp 1
a: no special abilities


You were on level 8 of the Dungeon.
You were hungry.

You visited 2 branches of the dungeon, and saw 9 of its levels.

You collected 379 gold pieces.
You spent 315 gold pieces at shops.

Inventory:

Hand Weapons
 a - a +1 war axe
 D - a +0 broad axe (weapon)
Armour
 c - a +0 shield (worn)
 i - a +1 plate armour (worn)
 o - a +0 pair of boots (worn)
 B - a +1 cloak (worn)
Wands
 e - a wand of disintegration (17/24)
 g - a wand of confusion (29/48)
 v - a wand of iceblast (11/15)
 z - a wand of confusion (38/48)
Scrolls
 b - a scroll of amnesia
 l - 3 scrolls of fear
 n - 2 scrolls of fog
 r - a scroll of enchant weapon
 s - a scroll of enchant armour
 t - 2 scrolls of identify
 w - a scroll of holy word {unknown}
 y - a scroll of magic mapping
 E - a scroll of teleportation
 G - a scroll of blinking
Potions
 d - a potion of might
 h - a potion of curing
 j - a potion of magic
 m - 2 potions of berserk rage
 C - 2 potions of haste {unknown}
Books
 q - a book of Maledictions

   Spells                             Type                      Level
   a - Corona                         Hexes                        1
   b - Ensorcelled Hibernation        Hexes/Ice                    2
   c - Confuse                        Hexes                        3
   d - Tukima's Dance                 Hexes                        3
   e - Dazzling Spray                 Conjuration/Hexes            3
 u - a book of Misfortune

   Spells                             Type                      Level
   a - Confusing Touch                Hexes                        1
   b - Confuse                        Hexes                        3
   c - Gell's Gravitas                Translocation                3
   d - Petrify                        Transmutation/Earth          4
   e - Metabolic Englaciation         Hexes/Ice                    5
   f - Yara's Violent Unravelling     Hexes/Transmutation          5
 A - a book of Air

   Spells                             Type                      Level
   a - Shock                          Conjuration/Air              1
   b - Swiftness                      Charms/Air                   2
   c - Static Discharge               Conjuration/Air              3
   d - Airstrike                      Air                          4
   e - Lightning Bolt                 Conjuration/Air              5
Comestibles
 f - 13 bread rations
 k - 6 royal jellies
 p - 3 meat rations
 F - 2 fruits


   Skills:
 + Level 5.4 Fighting
 + Level 8.9 Axes
 + Level 6.5 Armour
 + Level 1.3 Dodging
 + Level 0.8 Stealth
 + Level 6.4 Shields
 + Level 0.8 Spellcasting
 + Level 1.5 Hexes


You had 8 spell levels left.
You knew the following spells:

 Your Spells              Type           Power        Failure   Level  Hunger
a - Corona                Hex            #......      100%        1    ##.....


Dungeon Overview and Level Annotations

Branches:
Dungeon (8/15)             Temple (1/1) D:5
   Lair: D:8-11

Shops:
D:7 (


Innate Abilities, Weirdness & Mutations

You have an increased reservoir of magic. (+10% MP)


Message History

The seven-headed hydra bites you but does no damage.
The seven-headed hydra bites you!
* * * LOW HITPOINT WARNING * * *
Casting: Corona
Confirm with . or Enter, or press ? or * to list all spells.
Aiming: Corona
Press: ? - help, Shift-Dir - straight line, f - seven-headed hydra
Aim: a seven-headed hydra (lightly wounded, chance to defeat MR: 11%)
You miscast Corona.
You are very lightly contaminated with residual magic.
You feel off-balance for a moment.
The dream sheep ruffles its wool and motes of dream dust sparkle, to no effect.
The seven-headed hydra bites you but does no damage.
The seven-headed hydra bites you.
* * * LOW HITPOINT WARNING * * *
You block the seven-headed hydra's attack.
The seven-headed hydra bites you!
* * * LOW HITPOINT WARNING * * *
The seven-headed hydra bites you!
You die...

#..........>...#......###.....#
#.####[..#####.#.#....# #.....#
..# #.........#...#.## #######
### #...###########.# #...# #.#
#...###### #.# ##.......#
#.############
####.##.######.............
#.#.....@..############..
..###..##D#.# #.. ### #####Y###
###


.KY ...K. ≈P.%P%. P≈≈.....# #.≈≈.%...# You could see a seven-headed hydra, a
yak, 2 big kobolds and a dream sheep.

Vanquished Creatures
  A two-headed ogre (D:8)
  Pikel (D:6)
  Grinder (D:6)
  A dream sheep (D:8)
  2 hungry ghosts
  2 ice beasts
  A phantom (D:6)
  An ogre (D:5)
  2 centaurs
  6 bullfrogs
  A big kobold (D:8)
  2 gnoll sergeants
  A scorpion (D:6)
  A howler monkey (D:4)
  The ghost of WiZmei the Shield-Bearer, a weakling GrFi (D:3)
  5 crimson imps
  2 centaur zombies
  2 jellies (D:6)
  2 hounds
  3 orc priests
  5 orc wizards
  An iguana (D:4)
  5 worker ants
  A killer bee zombie (D:7)
  2 hound skeletons
  14 gnolls
  A worker ant zombie (D:8)
  5 adders
  4 shadow imps
  An ooze (D:4)
  An adder zombie (D:5)
  An adder skeleton (D:4)
  2 dart slugs
  4 leopard geckos
  12 orcs
  A ball python (D:3)
  6 bats
  2 giant cockroaches
  5 goblins
  A hobgoblin (D:3)
  11 jackals
  7 kobolds
  A quokka (D:7)
  A ball python skeleton (D:6)
  2 frilled lizards
  A jackal skeleton (D:5)
  A quokka skeleton (D:7)
  8 rats
144 creatures vanquished.

Vanquished Creatures (others)
  A slave (D:6)
  An orc wizard (D:6)
  An orc (D:6)
  A plant (D:8)
4 creatures vanquished.

Grand Total: 148 creatures vanquished

Notes
Turn   | Place    | Note
-------+----------+-------------------------------------------
     0 | D:1      | Schiappus the Demigod Fighter began the quest for the Orb.
     0 | D:1      | Reached XP level 1. HP: 18/18 MP: 3/3
   308 | D:1      | Reached XP level 2. HP: 25/25 MP: 4/4
   686 | D:1      | Reached skill level 2 in Axes
   881 | D:2      | Found a deep blue altar of Sif Muna.
   928 | D:2      | Found a sparkling altar of Nemelex Xobeh.
   935 | D:2      | Reached XP level 3. HP: 28/30 MP: 5/5
   989 | D:2      | Found a burning altar of Makhleb.
  1529 | D:3      | Noticed WiZmei's ghost (weakling GrFi)
  1539 | D:3      | Killed WiZmei's ghost
  1539 | D:3      | Reached skill level 3 in Axes
  1539 | D:3      | Reached XP level 4. HP: 15/38 MP: 6/6
  1803 | D:3      | Reached skill level 1 in Dodging
  1916 | D:3      | Reached XP level 5. HP: 36/45 MP: 7/7
  2008 | D:3      | Reached skill level 4 in Axes
  2278 | D:3      | Learned a level 1 spell: Corona
  2312 | D:4      | Found a hide-covered altar of Uskayaw.
  2385 | D:4      | Reached XP level 6. HP: 31/51 MP: 6/8
  3224 | D:5      | Entered Level 5 of the Dungeon
  3387 | D:5      | Reached skill level 5 in Axes
  3387 | D:5      | Reached skill level 1 in Hexes
  3568 | D:5      | Reached XP level 7. HP: 46/57 MP: 10/10
  3657 | D:5      | Found a staircase to the Ecumenical Temple.
  3680 | Temple   | Entered the Ecumenical Temple
  3830 | D:5      | Got a clouded lapis lazuli ring
  3831 | D:5      | Identified the cursed ring "Vuphov" {MR+ AC-3} (You found it on level 5 of the Dungeon)
  4455 | D:6      | Noticed Grinder
  4465 | D:6      | Reached skill level 6 in Axes
  4478 | D:6      | Killed Grinder
  4753 | D:6      | Noticed Pikel
  4766 | D:6      | Killed Pikel
  4766 | D:6      | Reached skill level 7 in Axes
  4766 | D:6      | Reached skill level 5 in Armour
  4766 | D:6      | Reached skill level 5 in Shields
  4766 | D:6      | Reached XP level 8. HP: 50/66 MP: 9/11
  5150 | D:6      | Found a snail-covered altar of Cheibriados.
  5736 | D:7      | Found a shimmering altar of Xom.
  5959 | D:7      | Reached XP level 9. HP: 67/72 MP: 13/13
  5979 | D:7      | Found Badahoa's Antique Weapon Emporium.
  5993 | D:7      | Bought a battleaxe for 195 gold pieces
  5993 | D:7      | Bought a broad axe for 120 gold pieces
  6086 | D:7      | Found an ancient bone altar of Kikubaaqudgha.
  6109 | D:7      | Found a shadowy altar of Dithmenos.
  6110 | D:7      | Found a burning altar of Makhleb.
  6110 | D:7      | Found an opulent altar of Gozag.
  6133 | D:7      | Reached skill level 8 in Axes
  6134 | D:7      | Found a glowing golden altar of the Shining One.
  6136 | D:7      | Found a blossoming altar of Fedhas.
  6138 | D:7      | Found a sacrificial altar of Ru.
  6576 | D:8      | Reached skill level 5 in Fighting
  6676 | D:8      | Noticed a two-headed ogre
  6686 | D:8      | Killed a two-headed ogre
  7233 | D:8      | Noticed a three-headed hydra
  7255 | D:8      | Slain by a seven-headed hydra

Skill      XL: |  1  2  3  4  5  6  7  8  9 |
---------------+----------------------------+-----
Armour         | 3 5 6 |  6.5
Shields        | 3 5 6 |  6.4
Axes           | 2 3 4 5 7 8 |  8.9
Fighting       | 3 4 5 |  5.4
Dodging        | 1 |  1.3
Hexes          | 1 |  1.5
Stealth        | |  0.8
Spellcasting   | |  0.8

Action                   |  1- 3 |  4- 6 |  7- 9 || total
-------------------------+-------+-------+-------++-------
Melee: War axe           |    95 |   143 |   241 ||   479
       Broad axe         |       |       |   167 ||   167
  Use: Scroll            |     6 |     5 |     3 ||    14
       Potion            |     3 |     5 |     3 ||    11
  Eat: Chunk             |     2 |     5 |    10 ||    17
       Fruit             |       |     3 |     4 ||     7
       Bread ration      |       |       |     1 ||     1
Armor: Scale mail        |    60 |       |       ||    60
       Plate armour      |     8 |   102 |   275 ||   385
Dodge: Dodged            |    52 |    18 |    73 ||   143
Block: Shield            |    95 |    72 |   279 ||   446
